 Dungeon Crawl Stone Soup version 0.17-a0-1914-gde4187c (webtiles) character file.

222 4thArraOfDagon the Chopper (level 5, -10/50 HPs)
             Began as a Naga Berserker on Sept 26, 2015.
             Was a Believer of Trog.
             Shot with an arrow of frost by a centaur (11 damage)
             ... on level 5 of the Dungeon.
             The game lasted 00:03:35 (739 turns).

4thArraOfDagon the Chopper (Naga Berserker)          Turns: 739, Time: 00:03:35

Health: -10/50     AC:  4    Str: 20    XL:     5   Next: 99%
Magic:  5/5        EV:  9    Int:  8    God:    Trog [**....]
Gold:   126        SH:  0    Dex: 10    Spells: 0 memorised, 4 levels left

rFire  . . .     SeeInvis +     a - +0 hand axe
rCold  . . .     Clarity  .     e - +0 ring mail
rNeg   . . .     SustAt   .     (no shield)
rPois  +         Gourm    .     (no helmet)
rElec  .         Spirit   .     (no cloak)
rCorr  .         Warding  .     (no gloves)
rMut   .         Stasis   .     (no barding)
MR     .....                    (no amulet)
Stlth  ..........               (no ring)
                                (no ring)

@: very slow, not resistant to hostile enchantments, extremely unstealthy
A: see invisible, deformed body, poison resistance, slowness 2, slow metabolism
1, spit poison 2, AC +1
a: Spit Poison, Burn Spellbooks, Berserk, Trog's Hand, Renounce Religion


You were on level 5 of the Dungeon.
You worshipped Trog.
Trog was pleased with you.
You were not hungry.

You visited 1 branch of the dungeon, and saw 5 of its levels.

You collected 126 gold pieces.

Inventory:

Hand weapons
 a - a +0 hand axe (weapon)
 j - a cursed -3 blowgun
Missiles
 m - 4 poisoned needles
Armour
 e - a +0 ring mail (worn)
Scrolls
 b - a scroll of remove curse {unknown}
 d - 4 scrolls of identify {unknown}
 i - a scroll of recharging {unknown}
Potions
 f - a potion of lignification {unknown}
 h - 2 potions of curing
 k - a potion of degeneration {unknown}
 l - a potion of cure mutation
 n - 2 potions of magic {unknown}
Comestibles
 c - 2 bread rations
 g - a meat ration


   Skills:
 + Level 4.0 Fighting
 * Level 4.9 Axes
 + Level 2.9 Armour
 - Level 1.5 Dodging


You had 4 spell levels left.
You didn't know any spells.

Dungeon Overview and Level Annotations

Branches:
Dungeon (5/15)
 Temple: D:4-7

Altars:
Makhleb
Yredelemnul


Innate Abilities, Weirdness & Mutations

You cannot wear boots.
Your serpentine skin is tough (AC +1).
You have supernaturally acute eyesight.
Armour fits poorly on your strangely shaped body.
Your system is resistant to poisons.
You cover ground very slowly.
You have a slow metabolism.
You can spit poison.


Message History

The arrow of frost freezes you.
Things that are here:
an arrow of frost; 24 arrows Unknown command.
Unknown command.
The centaur shoots an arrow of frost.
The arrow of frost hits you but does no damage.
The arrow of frost freezes you.
You see here an arrow of frost.
Unknown command.
The centaur shoots an arrow of frost.
The arrow of frost hits you!
* * * LOW HITPOINT WARNING * * *
The arrow of frost freezes you.
* * * LOW HITPOINT WARNING * * *
You see here an arrow of frost.
Unknown command.
Unknown command.
Unknown command.
The centaur shoots an arrow of frost.
The arrow of frost hits you!
You die...

#########(........#
#.†<......#
#.)()((...###.#
#...(().......# .
#....))........ ..
#.......†.....# ...
#.............. ....
#...........#.#
.....######@.......##.# #
....c...(((.............
.......(......#####......
.............<# ..(...
#...........).# ...
###...........#
#>..........#
#.[........##
#..........#


You could see a centaur.

Vanquished Creatures
  An ogre (D:5)
  A big kobold (D:5)
  A worker ant (D:4)
  An adder (D:2)
  An adder skeleton (D:4)
  A worm (D:4)
  2 giant geckos
  A ball python (D:2)
  4 bats (D:2)
  4 hobgoblins
  A giant newt (D:4)
  3 goblins
  12 kobolds
  15 rats
48 creatures vanquished.

Notes
Turn   | Place    | Note
--------------------------------------------------------------
     0 | D:1      | 4thArraOfDagon the Naga Berserker began the quest for the Orb.
     0 | D:1      | Reached XP level 1. HP: 21/21 MP: 1/1
    23 | D:1      | Reached XP level 2. HP: 24/28 MP: 2/2
   213 | D:2      | Found a burning altar of Makhleb.
   220 | D:2      | Acquired Trog's second power
   226 | D:2      | Reached XP level 3. HP: 31/34 MP: 3/3
   607 | D:5      | Entered Level 5 of the Dungeon
   607 | D:5      | Found a basalt altar of Yredelemnul.
   607 | D:5      | Noticed an ogre
   612 | D:5      | Killed an ogre
   612 | D:5      | Reached skill level 4 in Axes
   612 | D:5      | Reached XP level 4. HP: 44/44 MP: 4/4
   612 | D:5      | Reached XP level 5. HP: 50/50 MP: 5/5
   624 | D:5      | Noticed a big kobold
   700 | D:5      | Killed a big kobold
   735 | D:5      | Noticed a centaur
   738 | D:5      | HP: 1/50 [centaur/arrow of frost (5)]
   739 | D:5      | Shot with an arrow of frost by a centaur

Vault maps used:
D:1:      erik_arrival_orb_chamber, serial_bayou_pond_e
D:2:      lemuel_round_altar, first_bread
D:3:      gammafunk_temple_overflow_pools
D:4:      kennysheep_pointless_box, uniq_sigmund
D:5:      grunt_temple_overflow_gold_and_silver, yredelemnul_altar_generic,
          ashenzari_altar_1, amethyst_overflow_temple_binary, basic_altar,
          serial_shops, kennysheep_little_box

Action                   |  1- 3 |  4- 6 || total
-------------------------+-------+-------++-------
Melee: Hand axe          |    74 |    17 ||    91
Invok: Berserk           |     4 |     2 ||     6
 Abil: Spit Poison       |     7 |     1 ||     8
  Use: Potion            |       |     2 ||     2
  Eat: Chunk             |     2 |     2 ||     4
       Bread ration      |       |     1 ||     1
